 Dungeon Sprint DCSS version 0.30-a0-1160-g6e42c06551 (webtiles) character file.

Game seed: 10933315318235521050

18499 BigDaddyOpFi the End of an Era (level 12, 0/120 HPs)
             Began as an Armataur Fighter on Apr 25, 2023.
             Was the Champion of Qazlal.
             Slain by a searing wretch (9 damage)
             ... in the Dungeon (Sprint V: "Ziggurat Sprint").
             The game lasted 00:03:44 (1851 turns).

BigDaddyOpFi the End of an Era (Armataur Fighter)   Turns: 1851, Time: 00:03:45

Health: 0/120      AC: 36    Str: 38    XL:     12   Next: 28%
Magic:  0/24       EV:  1    Int:  9    God:    Qazlal [******]
Gold:   0          SH: 38    Dex: 10    Spells: 11/11 levels left

rFire   + . .        H - +5 Force Lance {heavy, knockback}
rCold   . . .        E - +18 shield of the Gong {Loud rN+ Will+ rCorr EV-5}
rNeg    + . .        D - +15 Maxwell's patent armour {-Cast -Tele rElec Will+ rCorr}
rPois   .            (no helmet)
rElec   +            K - +0 cloak {Stlth+}
rCorr   +            L - +3 Mad Mage's Maulers {Infuse+∞ VampMP -Cast}
SInv    .            (no barding)
Will    ++...        b - amulet of guardian spirit Stlth
                     A - +6 ring of strength
HPRegen 0.40/turn    B - +6 ring of strength
MPRegen 0.19/turn

%: no teleportation, no spellcasting, repel missiles, guardian spirit, roll
@: mighty, protected from fire, studying Ice Magic
A: large, rugged brown scales 3, deformed body, armoured tail, roll, long
tongue, awkward tongue
a: Renounce Religion, Upheaval, Elemental Force, Disaster Area


You were in the Dungeon.
You worshipped Qazlal.
Qazlal was exalted by your worship.
You visited 1 branch

Inventory:

Hand Weapons
 a - a +0 war axe
 C - the +16 obsidian axe {drain, demonic, Mesm Drain Fly SInv}
   (You found it in the Dungeon)

   Mesm:      Its wielder is mesmerised by any visible foes, and it cannot be
   unequipped while any foes are visible.
   SInv:      It lets you see invisible.
   Fly:       It grants you flight.
   Drain:     It drains your maximum health when unequipped.
 H - the +5 Force Lance (weapon) {heavy, knockback}
   (You found it in the Dungeon)
Armour
 D - the +15 Maxwell's patent armour (worn) {-Cast -Tele rElec Will+ rCorr}
   (You found it in the Dungeon)

   rElec:     It insulates you from electricity.
   -Cast:     It prevents spellcasting.
   -Tele:     It prevents most forms of teleportation.
   rCorr:     It protects you from acid and corrosion.
   Will:      It increases your willpower.
 E - the +18 shield of the Gong (worn) {Loud rN+ Will+ rCorr EV-5}
   (You found it in the Dungeon)

   Loud:      It is deafeningly noisy when blocking attacks.
   EV:        It affects your evasion (-5).
   rN:        It protects you from negative energy.
   rCorr:     It protects you from acid and corrosion.
   Will:      It increases your willpower.
 K - a +0 cloak of stealth (worn)
 L - the +3 Mad Mage's Maulers (worn) {Infuse+∞ VampMP -Cast}
   (You found it in the Dungeon)

   Infuse+∞: It empowers its wearer's blows with all of their magic.
   VampMP:    Blows struck in melee replenish the wearer's magic.
   -Cast:     It prevents spellcasting.
Jewellery
 b - an amulet of guardian spirit (around neck)
 c - a +6 ring of dexterity
 v - a ring of flight
 w - a +6 ring of dexterity
 x - a +6 ring of dexterity
 y - a +6 ring of intelligence
 z - a +6 ring of intelligence
 A - a +6 ring of strength (left hand)
 B - a +6 ring of strength (right hand)
 F - a ring of positive energy
 I - a ring of protection from cold
 M - a ring of poison resistance
Wands
 s - a wand of mindburst (27)
 t - a wand of iceblast (12)
 u - a wand of acid (7)
 J - a wand of flame (7)
 N - a wand of polymorph (4)
Scrolls
 j - 4 scrolls of blinking
 o - 4 scrolls of amnesia
 p - 7 scrolls of fog
 q - 5 scrolls of identify
 r - 2 scrolls of fear
 G - 2 scrolls of brand weapon
Potions
 d - 4 potions of might
 e - 8 potions of curing
 f - 3 potions of heal wounds
 g - 6 potions of haste
 h - 5 potions of magic
 i - 3 potions of berserk rage
 k - 2 potions of brilliance
 l - 2 potions of invisibility
 m - 4 potions of resistance
Miscellaneous
 n - a lightning rod (4/4)


   Skills:
 + Level 12.8 Fighting
 + Level 11.6 Axes
 + Level 16.4 Armour
 + Level 15.1 Shields
 * Level 17.8 Invocations


You had 11 spell levels left.
You didn't know any spells.
Your spell library contained the following spells:

 Spells                   Type           Power      Damage    Failure   Level
 Apportation              Tloc           0%         N/A       88%         1
 Beastly Appendage        Tmut           0%         N/A       88%         1
 Shock                    Conj/Air       0%         1d3       88%         1
 Call Imp                 Summ           0%         N/A       96%         2
 Call Canine Familiar     Summ           0%         N/A       99%         3
 Gell's Gravitas          Tloc           0%         N/A       99%         3
 Portal Projectile        Hex/Tloc       0%         N/A       99%         3
 Swiftness                Air            0%         N/A       99%         3
 Teleport Other           Tloc           0%         N/A       99%         3
 Airstrike                Air            0%         2d(0-16)  100%        4
 Leda's Liquefaction      Hex/Erth       0%         N/A       100%        4
 Alistair's Intoxication  Tmut/Pois      0%         N/A       100%        5
 Blade Hands              Tmut           0%         N/A       100%        5
 Freezing Cloud           Conj/Ice/Air   0%         6-21      100%        5
 Irradiate                Conj/Tmut      0%         3d11      100%        5
 Dispersal                Tloc           0%         N/A       100%        6
 Plasma Beam              Fire/Air       0%         2x1d11    100%        6
 Dragon Form              Tmut           0%         N/A       100%        7
 Maxwell's Capacitive Co  Air            0%         ∞         100%        8


Dungeon Overview and Level Annotations

Branches:
Dungeon (1/1)

Altars:
Ashenzari
Cheibriados
Dithmenos
Elyvilon
Fedhas
Gozag
Hepliaklqana
Kikubaaqudgha
Makhleb
Nemelex Xobeh
Okawaru
Qazlal
Ru
Sif Muna
Trog
Uskayaw
Vehumet
Wu Jian
Xom
Yredelemnul
Zin
The Shining One
Jiyva
Lugonu

Annotations:
D 1 transporter


Innate Abilities, Weirdness & Mutations

You are completely covered in rugged brown scales. (AC +3, +7% HP)
Armour fits poorly on your strangely shaped body.
You have a long armoured tail.
You roll when moving toward enemies. (Rampage)
Your long tongue fully drains potion bottles. (2x potion effects)
Your tongue gives you trouble enunciating. (1.5x scroll delay)


Message History

SHROANNG!
The searing wretch claws you but does no damage.
You block the searing wretch's attack.
GONNNNG!
You feel much better.
You slurp down every last drop of the potion of heal wounds!
The hellephant is engulfed in blazing flames.
The hellephant tramples you but does no damage.
You block the hellephant's attack.
SHROANNG!
You block the hellephant's attack.
PTOANNNG!
The fire giant hits you but does no damage.
You block the searing wretch's attack.
GONNNNG!
You block the searing wretch's attack.
SHROANNG!
You block the searing wretch's attack.
BOUMMMMG!
The searing wretch claws you!!
You are engulfed in flames!!
Your resistance to physical damage fades away.
You feel protected from fire.
The searing wretch claws you but does no damage.
The searing wretch bites you but does no damage.
You feel better.
You slurp down every last drop of the potion of curing!
The hellephant breathes flames at you. The blast of flame hits you! You resist.
You feel more protected from fire. You block the fire giant's attack.
PTOANNNG!
The searing wretch claws you!!
* * * LOW HITPOINT WARNING * * *
You are engulfed in flames!
You resist.
* * * LOW HITPOINT WARNING * * *
The searing wretch claws you but does no damage.
You block the searing wretch's attack.
BONNNG!
The searing wretch claws you!
You die...

▓..))[|/:.▓....:[...▓..[
▓../")|)..▓..).).)..▓...
▓..)......▓.........▓...
▓.........▓.........▓...
▓.....)...▓.........▓...
▓.........▓.........▓...
▓..▓...▓Y.▓.........▓...
▓.....YCn.▓.........▓...
▓....☼n@..▓....©....▓▓▓▓
▓▓▓▓▓▓▓▓▓▓▓▓▓▓▓▓▓▓▓▓▓


You could see 2 hellephants, 2 searing wretches and a fire giant.

Vanquished Creatures
  A royal mummy (D)
  A shadow dragon (D)
  2 fire giants (D)
  2 hell hogs (D)
  5 dancing weapons (D)
  A soul eater (D)
  2 deep elf knights (D)
  A deep elf archer (D)
  2 deep elf pyromancers (D)
  5 deep elf zephyrmancers (D)
  An orc sorcerer (D)
  A cane toad (D)
  A guardian mummy (D)
  2 tormentors (D)
  A tarantella (D)
  2 merfolk (D)
  An air elemental (D)
  A basilisk (D)
  An ushabti (D)
  4 fire elementals (D)
  A hell hound (D)
  2 wolves (D)
  A bullfrog (D)
  2 scorpions (D)
  A jelly (D)
  An iguana (D)
  A mummy (D)
  A river rat (D)
  A shadow imp (D)
  An ufetubus (D)
  An adder zombie (D)
  An adder skeleton (D)
  2 bat zombies (D)
  An endoplasm (D)
  A ball python skeleton (D)
  A bat simulacrum (D)
  A jackal skeleton (D)
  A quokka skeleton (D)
  A fire vortex (D)
59 creatures vanquished.

Vanquished Creatures (collateral kills)
  2 soul eaters (D)
  2 merfolk (D)
  A wolf (D)
  An adder skeleton (D)
  An adder zombie (D)
  2 bat skeletons (D)
  A giant cockroach zombie (D)
10 creatures vanquished.

Vanquished Creatures (others)
  A fire vortex (D)
1 creature vanquished.

Grand Total: 70 creatures vanquished

Notes
Turn   | Place    | Note
-------+----------+-------------------------------------------
     0 | D        | BigDaddyOpFi the Armataur Fighter began the quest for the
                  | Orb.
     0 | D        | Reached XP level 1. HP: 19/19 MP: 1/1
     2 | D        | Found a shimmering blue altar of Sif Muna.
     2 | D        | Found a bloodstained altar of Trog.
     2 | D        | Found a sacrificial altar of Ru.
     2 | D        | Found a stormy altar of Qazlal.
     2 | D        | Found an iron altar of Okawaru.
     3 | D        | Found a sparkling altar of Nemelex Xobeh.
     3 | D        | Found a blossoming altar of Fedhas.
     3 | D        | Found the +6 Majin-Bo {spellvamp, MP+6 Int+6}
     3 | D        | Found the +27 heavy crossbow "Sniper" {heavy, Acc+∞ SInv}
     3 | D        | Found the +10 dark maul {heavy}
     3 | D        | Found the +15 Maxwell's patent armour {-Cast -Tele rElec
                  | Will+ rCorr}
     3 | D        | Found the +18 shield of the Gong {Loud rN+ Will+ rCorr
                  | EV-5}
     3 | D        | Found the +16 obsidian axe {drain, demonic, Mesm Drain Fly
                  | SInv}
     3 | D        | Found the +7 great mace "Firestarter" {flame, immolate,
                  | rFlCloud rF++}
     3 | D        | Found the +6 shillelagh "Devastator" {shatter}
     3 | D        | Found the +11 plutonium sword {Contam Stlth-}
     3 | D        | Found the +8 lance "Wyrmbane" {slay drac, rPois rF+ rC+
                  | AC+3}
     3 | D        | Found the +9 sword of Zonguldrok {reap}
     3 | D        | Found the +13 scythe of Curses {drain, curses, Drain}
     3 | D        | Found the +9 sword of Power {lifebolt}
     3 | D        | Found the +7 mace of Variability {chaos, chaos arc}
     3 | D        | Found the +11 Singing Sword {sonic wave}
     3 | D        | Found the +8 storm bow {elec, penet}
     5 | D        | Found a transporter.
     5 | D        | Found an ancient bone altar of Kikubaaqudgha.
     5 | D        | Found a viscous altar of Jiyva.
     5 | D        | Found a corrupted altar of Lugonu.
     5 | D        | Found a hazy altar of Hepliaklqana.
     5 | D        | Found a burning altar of Makhleb.
     5 | D        | Found an opulent altar of Gozag.
    55 | D        | Reached skill level 5 in Fighting
    55 | D        | Reached XP level 2. HP: 31/31 MP: 2/2
    55 | D        | Reached XP level 3. HP: 38/38 MP: 3/3
    62 | D        | Became a worshipper of Qazlal Stormbringer
    70 | D        | Entered arena 2.
    70 | D        | Found a transporter.
    72 | D        | Reached skill level 2 in Invocations
   184 | D        | Entered arena 3.
   184 | D        | Noticed a scorpion
   184 | D        | Noticed a tarantella
   184 | D        | Noticed a scorpion
   184 | D        | Found a transporter.
   187 | D        | Killed a tarantella
   187 | D        | Reached * piety under Qazlal
   187 | D        | Killed a scorpion
   188 | D        | Reached skill level 5 in Axes
   188 | D        | Reached skill level 6 in Invocations
   188 | D        | Reached XP level 4. HP: 48/48 MP: 4/8
   188 | D        | Reached XP level 5. HP: 54/54 MP: 4/9
   188 | D        | Reached XP level 6. HP: 62/62 MP: 4/10
   243 | D        | Entered arena 4.
   243 | D        | Found the +8 demon trident "Rift" {distort, reach+}
   243 | D        | Noticed a merfolk
   243 | D        | Noticed a merfolk
   243 | D        | Noticed a merfolk
   243 | D        | Noticed a merfolk
   243 | D        | Found a transporter.
   246 | D        | Killed a merfolk
   246 | D        | Reached ** piety under Qazlal
   247 | D        | Reached skill level 7 in Invocations
   247 | D        | Reached XP level 7. HP: 47/70 MP: 8/12
   253 | D        | Killed a merfolk
   254 | D        | Reached skill level 8 in Invocations
   255 | D        | Killed a merfolk
   258 | D        | Killed a merfolk
   259 | D        | Reached skill level 10 in Armour
   259 | D        | Reached skill level 9 in Invocations
   259 | D        | Reached XP level 8. HP: 56/79 MP: 6/14
   469 | D        | Entered arena 5.
   469 | D        | Noticed a deep elf knight
   469 | D        | Noticed a deep elf pyromancer
   469 | D        | Noticed an orc sorcerer
   469 | D        | Noticed a deep elf knight
   469 | D        | Found a transporter.
   473 | D        | Killed an orc sorcerer
   473 | D        | Reached *** piety under Qazlal
   474 | D        | Reached skill level 10 in Invocations
   476 | D        | Killed a deep elf knight
   477 | D        | Reached skill level 10 in Shields
   477 | D        | Reached XP level 9. HP: 79/87 MP: 5/17
   479 | D        | Killed a deep elf pyromancer
   480 | D        | Reached skill level 11 in Invocations
   481 | D        | Killed a deep elf knight
   481 | D        | Reached **** piety under Qazlal
   640 | D        | Entered arena 6.
   640 | D        | Found a transporter.
   644 | D        | Reached skill level 12 in Invocations
   800 | D        | Entered arena 7.
   800 | D        | Noticed a guardian mummy
   800 | D        | Noticed a royal mummy
   801 | D        | Found a transporter.
   803 | D        | Noticed a death scarab
   803 | D        | Noticed a death scarab
   803 | D        | Noticed a death scarab
   803 | D        | Reached ***** piety under Qazlal
   809 | D        | Killed a guardian mummy
   811 | D        | Noticed an emperor scorpion
   811 | D        | Noticed an emperor scorpion
   811 | D        | Noticed an emperor scorpion
   812 | D        | Noticed a death scarab
   812 | D        | Noticed a death scarab
   812 | D        | Noticed a death scarab
   815 | D        | Killed a royal mummy
   816 | D        | Reached skill level 10 in Fighting
   816 | D        | Reached skill level 14 in Invocations
   816 | D        | Reached XP level 10. HP: 22/100 MP: 1/20
  1050 | D        | Got the Elucidation of Geometries
  1054 | D        | Entered arena 8.
  1054 | D        | Noticed a deep elf zephyrmancer
  1054 | D        | Noticed a deep elf zephyrmancer
  1054 | D        | Noticed a +0 dire flail of protection
  1054 | D        | Noticed a deep elf zephyrmancer
  1054 | D        | Noticed a deep elf archer
  1054 | D        | Noticed a +0 battleaxe of freezing
  1055 | D        | Found a transporter.
  1057 | D        | Killed a deep elf zephyrmancer
  1058 | D        | Killed a +0 battleaxe of freezing
  1058 | D        | Killed a deep elf zephyrmancer
  1058 | D        | Killed a +0 dire flail of protection
  1058 | D        | Killed a deep elf archer
  1059 | D        | Reached skill level 10 in Axes
  1059 | D        | Reached skill level 15 in Invocations
  1059 | D        | Reached XP level 11. HP: 75/109 MP: 6/22
  1059 | D        | Killed a deep elf zephyrmancer
  1237 | D        | Entered arena 9.
  1237 | D        | Found the +5 Force Lance {heavy, knockback}
  1238 | D        | Found a transporter.
  1241 | D        | Reached ****** piety under Qazlal
  1254 | D        | Got the Grimoire of Electrocution
  1258 | D        | Entered arena 10.
  1259 | D        | Found a transporter.
  1546 | D        | Entered arena 11.
  1546 | D        | Found the +3 Mad Mage's Maulers {Infuse+∞ VampMP -Cast}
  1546 | D        | Noticed a +2 heavy morningstar
  1546 | D        | Noticed a deep elf pyromancer
  1546 | D        | Noticed a deep elf zephyrmancer
  1546 | D        | Noticed a +4 halberd of freezing
  1546 | D        | Noticed a deep elf zephyrmancer
  1546 | D        | Noticed a +4 battleaxe of freezing
  1547 | D        | Found a transporter.
  1548 | D        | Killed a deep elf zephyrmancer
  1548 | D        | Killed a deep elf zephyrmancer
  1548 | D        | Killed a +4 halberd of freezing
  1548 | D        | Killed a deep elf pyromancer
  1549 | D        | Reached skill level 15 in Armour
  1549 | D        | Reached skill level 16 in Invocations
  1551 | D        | Killed a +2 heavy morningstar
  1554 | D        | Killed a +4 battleaxe of freezing
  1625 | D        | Entered arena 12.
  1625 | D        | Noticed a soul eater
  1625 | D        | Noticed a soul eater
  1625 | D        | Noticed a soul eater
  1626 | D        | Found a transporter.
  1626 | D        | Noticed a shadow dragon
  1630 | D        | Killed a soul eater
  1642 | D        | Killed a soul eater
  1643 | D        | Killed a shadow dragon
  1643 | D        | Killed a soul eater
  1644 | D        | Reached skill level 17 in Invocations
  1644 | D        | Reached XP level 12. HP: 74/120 MP: 7/24
  1826 | D        | Got the Folio of Creative Permutations
  1837 | D        | Entered arena 13.
  1837 | D        | Noticed a hell hog
  1837 | D        | Noticed a hell hog
  1837 | D        | Noticed a fire giant
  1837 | D        | Noticed a hellephant
  1837 | D        | Noticed a searing wretch
  1837 | D        | Noticed a hellephant
  1837 | D        | Noticed a fire giant
  1838 | D        | Noticed a fire giant
  1838 | D        | Noticed a searing wretch
  1838 | D        | Found a transporter.
  1839 | D        | Killed a fire giant
  1839 | D        | Killed a hell hog
  1840 | D        | Killed a fire giant
  1840 | D        | Killed a hell hog
  1841 | D        | Reached skill level 15 in Shields
  1851 | D        | Slain by a searing wretch

Illustrated notes

Levels and vault maps discovered:
D:        sprint_v [room_start, room_1, room_2, room_3, room_4, room_5, room_6,
          room_7, room_8, room_9, room_10, room_11, room_12, room_13, room_14,
          room_15, room_16, room_17, room_18, room_19, room_20, room_21,
          room_22, room_23, room_24, room_25, room_26, room_27]

Skill      XL: |  1  2  3  4  5  6  7  8  9 10 11 12 |
---------------+-------------------------------------+-----
Fighting       | 5 6 7 8 10 11 12 | 12.8
Axes           | 4 5 6 7 9 10 11 | 11.6
Armour         | 6 8 9 10 11 13 14 16 | 16.4
Shields        | 6 7 8 9 10 12 13 14 15 | 15.1
Invocations    | 6 7 9 10 14 15 17 | 17.8

Action                     |  1- 3 |  4- 6 |  7- 9 | 10-12 || total
---------------------------+-------+-------+-------+-------++-------
  Melee: Broad axe         |     3 |     4 |    30 |     6 ||    43
         Tailslap          |       |       |     2 |     4 ||     6
         Lance             |       |       |       |    30 ||    30
 Invoke: Disaster Area     |       |       |       |     5 ||     5
         Elemental Force   |       |       |       |     1 ||     1
         Upheaval          |       |       |       |     1 ||     1
    Use: Potion            |     1 |       |     7 |    10 ||    18
   Stab: Distracted        |       |       |       |     1 ||     1
 Armour: Plate armour      |     4 |     5 |    41 |    80 ||   130
  Dodge: Dodged            |       |       |     5 |     4 ||     9
  Block: Kite shield       |     6 |     7 |    89 |   166 ||   268

Table legend: (Time is in decaauts)
 A = Elapsed time spent in this place.
 B = Non-inter-level travel time spent in this place.
 C = Inter-level travel time spent in this place.
 D = Time resting spent in this place.
 E = Time spent auto-exploring this place.
 F = Levels seen in this place.
 G = Mean time per level.
                   A        B        C        D        E       F      G
               +--------+--------+--------+--------+--------+-----+--------+
         Total |   1878 |   1878 |      0 |   1383 |    125 |   1 | 1878.0 |
       Dungeon |   1878 |   1878 |      0 |   1383 |    125 |   1 | 1878.0 |
               +--------+--------+--------+--------+--------+-----+--------+

Top non-repeatable levels by time:
       D: 1878 daAuts
